Map: 필러스 오브 골드 - 래더

Players

Solar - Winner!

  • Race: Zerg Zerg
  • Spawn Location: 1:00

Denver

  • Race: Zerg Zerg
  • Spawn Location: 7:00

Event: StayAtHomestory Cup #2

VOD

Have the link to the VOD?

Description

Time

  • Played on: June 12, 2020, 9:50 a.m.
  • Length: 8:28

All games in this series

Show
View Real Time Build Order
Export as new Build Order

Solar Zerg - Winner!

Build Orders: Hatch First 

Get SALT Encoding   

  12  0:01  Drone  
  13  0:12  Overlord  
  13  0:18  Drone  
  14  0:31  Drone x2  
  16  0:49  Hatchery  
  15  0:52  Drone  
  15  0:56  Drone  
  17  1:02  Drone  
  18  1:09  Extractor  
  17  1:16  Spawning Pool  
  16  1:20  Drone  
  16  1:23  Drone  
  18  1:30  Drone  
  19  1:39  Drone  
  20  1:59  Drone  
  21  2:03  Overlord  
  21  2:04  Queen x2  
  21  2:06  Drone  
  26  2:11  Drone  
  26  2:12  Drone  
  26  2:14  Metabolic Boost  
  28  2:22  Drone  
  29  2:24  Drone  
  30  2:37  Hatchery  
  30  2:39  Zergling x2  
  30  2:43  Drone  
  31  2:48  Baneling Nest  
  30  2:52  Drone  
  30  2:53  Overlord  
  31  3:00  Zergling x2  
  31  3:01  Drone  
  31  3:05  Drone  
  34  3:07  Drone  
  35  3:13  Zergling x2  
  35  3:14  Drone x4  
  35  3:17  Zergling x2  
  35  3:19  Zergling x2  
  42  3:25  Zergling x2  
  43  3:29  Overlord  
  43  3:31  Evolution Chamber  
  43  3:32  Drone  
  43  3:40  Drone  
  44  3:49  Queen  
  44  3:50  Drone  
  44  3:51  Zergling x2  
  44  3:52  Drone x3, Overlord  
  51  4:00  Drone, Zerg Missile Weapons Level 1  
  51  4:01  Drone  
  52  4:05  Drone  
  53  4:10  Roach Warren  
  53  4:12  Drone  
  53  4:13  Drone x2  
  55  4:20  Drone x3, Overlord  
  55  4:22  Drone  
  55  4:24  Baneling  
  59  4:27  Drone x3  
  59  4:29  Zergling x2  
  63  4:36  Extractor, Drone  
  63  4:38  Drone  
  64  4:39  Drone  
  64  4:40  Extractor  
  64  4:43  Overlord  
  64  4:47  Spine Crawler  
  64  4:48  Spine Crawler  
  64  4:50  Baneling x2  
  64  4:51  Roach x3  
  64  4:52  Roach  
  69  4:53  Baneling  
  69  4:56  Roach  
  69  4:57  Zergling x4  
  73  5:02  Roach  
  73  5:03  Queen  
  73  5:09  Zergling x12  
  77  5:20  Zergling x4  
  69  5:27  Queen  
  71  5:28  Baneling  
  71  5:30  Baneling  
  71  5:34  Baneling  
  71  5:35  Roach  
  72  5:40  Zergling x8  
  76  5:43  Overlord  
  76  5:45  Roach x2  
  78  5:52  Baneling x2  
  78  5:58  Drone x3  
  80  6:05  Lair  
  80  6:06  Baneling  
  80  6:12  Overlord  
  80  6:14  Drone x2  
  80  6:15  Roach x3  
  80  6:16  Baneling x2  
  84  6:25  Overlord  
  84  6:27  Roach x3  
  84  6:28  Baneling  
  84  6:31  Zergling x10  
  95  6:35  Baneling x2  
  95  6:39  Zergling x4  
  96  6:40  Overlord  
  96  6:43  Overlord  
  96  6:45  Overlord  
  96  6:49  Overlord  
  96  6:51  Baneling  
  96  6:55  Overlord  
  96  7:00  Drone  
  96  7:01  Drone x4  
  101  7:02  Drone  
  101  7:03  Extractor, Glial Reconstitution  
  101  7:06  Roach x4  
  101  7:07  Overseer  
  109  7:09  Drone x2  
  109  7:11  Drone  
  109  7:16  Drone  
  109  7:17  Drone x2  
  111  7:24  Roach  
  111  7:25  Roach x2  
  111  7:29  Roach x3  
  123  7:35  Roach x3  
  129  7:37  Overlord  
  129  7:39  Overlord  
  129  7:41  Baneling  
  129  7:46  Roach x2  
  129  7:50  Overlord  
  133  7:53  Roach  
  133  7:58  Roach x2  
  139  8:00  Roach x4  
  146  8:06  Roach  
  146  8:07  Roach x3  
Show
View Real Time Build Order
Export as new Build Order

Denver Zerg 

Build Orders: Hatch First, Zergling Baneling 

Get SALT Encoding   

  12  0:00  Drone  
  13  0:13  Overlord  
  13  0:18  Drone  
  14  0:31  Drone x2  
  16  0:50  Hatchery  
  16  0:56  Drone  
  16  0:57  Drone  
  16  1:00  Drone  
  18  1:11  Extractor  
  18  1:16  Spawning Pool  
  16  1:20  Drone  
  16  1:24  Drone  
  18  1:28  Drone  
  19  1:39  Drone  
  20  1:50  Drone  
  21  2:01  Overlord  
  21  2:03  Queen x2  
  21  2:04  Zergling x2  
  26  2:11  Metabolic Boost  
  26  2:14  Drone  
  27  2:17  Drone  
  27  2:22  Drone  
  29  2:26  Zergling x2  
  30  2:41  Hatchery  
  30  2:42  Drone  
  30  2:47  Drone  
  30  2:48  Drone  
  32  2:53  Baneling Nest  
  32  2:58  Evolution Chamber  
  30  3:00  Drone  
  30  3:03  Drone  
  32  3:08  Overlord  
  32  3:10  Drone  
  33  3:15  Drone  
  33  3:16  Drone  
  35  3:20  Drone  
  35  3:23  Zerg Melee Weapons Level 1  
  36  3:29  Queen  
  36  3:33  Drone  
  39  3:36  Zergling x4  
  39  3:37  Baneling  
  39  3:39  Baneling  
  41  3:44  Zergling x2  
  41  3:45  Evolution Chamber  
  40  3:49  Overlord  
  40  3:50  Zergling x2  
  40  3:51  Zergling x2  
  42  3:58  Zergling x6  
  44  4:03  Zergling x4  
  46  4:14  Zergling x10  
  51  4:30  Zergling x14  
  57  4:33  Overlord  
  57  4:35  Baneling  
  57  4:37  Extractor  
  55  4:42  Zergling x2  
  55  4:44  Baneling x3  
  56  4:48  Zergling x2  
  57  4:53  Baneling x4  
  57  5:03  Zergling x20  
  57  5:14  Zergling x4  
  57  5:15  Zergling x6  
  58  5:22  Zergling x6  
  58  5:28  Zergling x2  
  58  5:29  Zergling x6  
  62  5:41  Zergling x10  
  61  5:49  Zergling x2  
  54  5:55  Zergling x10  
  54  5:56  Baneling x4  
  57  6:05  Zergling x8  
  57  6:07  Drone  
  57  6:08  Drone  
  62  6:20  Drone  
  62  6:21  Drone x4  
  66  6:26  Roach Warren  
  66  6:29  Drone  
  66  6:33  Zerg Missile Weapons Level 1  
  66  6:35  Overlord  
  66  6:39  Overlord  
  66  6:46  Drone  
  65  6:49  Lair  
  65  6:57  Drone x4  
  65  6:58  Drone  
  65  7:01  Drone x3  
  72  7:03  Drone  
  72  7:07  Drone  
  72  7:08  Extractor, Drone  
  74  7:14  Drone x3  
  70  7:25  Roach x4  
  77  7:31  Overlord  
  77  7:34  Drone  
  78  7:37  Extractor  
  78  7:38  Drone x2  
  78  7:39  Drone  
  78  7:44  Overlord x2  
  80  7:52  Roach x2  
  80  7:55  Overlord  
  80  7:58  Roach x2  
  88  8:03  Roach  
  88  8:04  Roach x2  
  92  8:08  Roach x2  
Tags
 
Add a new tag
Caveats
  • Supply blocks, unpowered buildings, or Contaminate may cause inaccurate times.
  • Supply counts are checked every 10 seconds.